 Dungeon Crawl Stone Soup version 0.29.1-15-g9cfb28693d (webtiles) character file.

Game seed: 6807709162929472469

17 protoss039 the Digger (level 2, 0/21 HPs)
             Began as a Demonspawn Earth Elementalist on Mar 13, 2023.
             Slain by a rat (3 damage)
             ... on level 1 of the Dungeon.
             The game lasted 00:01:11 (1233 turns).

protoss039 the Digger (DsEE)                        Turns: 1233, Time: 00:01:12

Health: 0/21       AC:  6    Str:  8    XL:     2   Next: 44%
Magic:  3/5        EV: 10    Int: 18    God:
Gold:   82         SH:  0    Dex: 13    Spells: 2/5 levels left

rFire   . . .      SeeInvis .   e - +0 club
rCold   . . .      Faith    .   (no shield)
rNeg    . . .      Spirit   .   k - +0 ring mail
rPois   .          Reflect  .   (no helmet)
rElec   .          Harm     .   (no cloak)
rCorr   .          Rampage  .   (no gloves)
Will    .....                   g - +0 pair of boots
Stlth   +.........              (no amulet)
HPRegen 0.07/turn               c - ring of flight
MPRegen 0.09/turn               (no ring)

@: flying
A: big brain 1
a: no special abilities


You were on level 1 of the Dungeon.
You visited 1 branch of the dungeon, and saw 2 of its levels.

You collected 82 gold pieces.

Inventory:

Hand Weapons
 e - a +0 club (weapon)
Armour
 g - a +0 pair of boots (worn)
 k - a +0 ring mail (worn)
Jewellery
 c - a ring of flight (left hand)
Scrolls
 a - a scroll of noise {unknown}
 d - 2 scrolls of identify {unknown}
 h - a scroll of silence {unknown}
 i - a scroll of immolation {unknown}
 j - a scroll of enchant weapon {unknown}
Potions
 b - a potion of magic
 f - a potion of might {unknown}


   Skills:
 + Level 1.1 Fighting
 - Level 1.7 Dodging
 - Level 1.7 Stealth
 + Level 2.3 Spellcasting
 - Level 0.8 Transmutations
 + Level 3.0 Earth Magic


You had 2 spell levels left.
You knew the following spells:

 Your Spells              Type           Power      Damage    Failure   Level
a - Sandblast             Erth           24%        2d8       16%         1
b - Passwall              Tmut/Erth      7%         N/A       36%         2

Your spell library contained the following spells:

 Spells                   Type           Power      Damage    Failure   Level
 Stone Arrow              Conj/Erth      14%        3d7       65%         3
 Petrify                  Tmut/Erth      9%         N/A       94%         4


Dungeon Overview and Level Annotations

Branches:
Dungeon (2/15) Zot: 10754

Altars:


Innate Abilities, Weirdness & Mutations

You have an unusually large brain. (Int +2)


Message History

Press: ? - help, Shift-Dir - straight line, f - gnoll
Aim: a gnoll, wielding a +0 flail (84% to hit)
The blast of sand misses the gnoll.
The gnoll shouts!
Unknown command.
Casting: Sandblast (safe; 16% risk of failure)
Confirm with . or Enter, or press ? or * to list all spells.
Aiming: Sandblast (safe; 16% risk of failure)
Press: ? - help, Shift-Dir - straight line, f/p - gnoll
Aim: a gnoll, wielding a +0 flail (84% to hit)
You miscast Sandblast.
You are very lightly contaminated with residual magic.
Nothing appears to happen.
The gnoll barely misses you.
Unknown command.
Unknown command.
Casting: Sandblast (safe; 16% risk of failure)
Confirm with . or Enter, or press ? or * to list all spells.
Aiming: Sandblast (safe; 16% risk of failure)
Press: ? - help, Shift-Dir - straight line, f - gnoll, p - gnoll
Aim: a gnoll, wielding a +0 halberd (84% to hit)
The blast of sand hits the gnoll.
The gnoll is lightly wounded.
The gnoll hits you with a +0 flail. The gnoll hits you with a +0 flail!
Unknown command.
Unknown command.
Unknown command.
The rat bites you. The rat bites you but does no damage.
Found 6 stones and 11 gold pieces.
There is a stone staircase leading up here.
The gnoll hits you but does no damage. The rat barely misses you.
The gnoll hits you from afar with a +0 spear.
* * * LOW HITPOINT WARNING * * *
Your magical contamination has completely faded away.
You fly upwards.
There is a stone staircase leading down here.
The rat bites you.
* * * LOW HITPOINT WARNING * * *
The rat bites you.
You die...

#.....# ##.#.#)#.###)#
##.....# #.#.###..#..#
#......# #...#.#.###.#
##.....####.#.........#
.#...........####.#####
##..#######..###..#
...(.............g#
.............###r.#
.....#######....@.#
.#...###########..#
..................#
.#...####.######..#
.#................#
......###.######..#
......# #.# #..#
##..#.###.#
##..########
##........###
#..........#


You could see a gnoll and a rat.

Vanquished Creatures
  2 ball pythons
  An endoplasm (D:1)
  2 giant cockroaches (D:1)
  A goblin (D:1)
  3 hobgoblins (D:1)
  3 kobolds
  A bat (D:1)
  2 rats (D:1)
15 creatures vanquished.

Notes
Turn   | Place    | Note
-------+----------+-------------------------------------------
     0 | D:1      | protoss039 the Demonspawn Earth Elementalist began the
                  | quest for the Orb.
     0 | D:1      | Reached XP level 1. HP: 13/13 MP: 3/3
    55 | D:1      | Found a faded altar of an unknown god.
   666 | D:1      | Gained mutation: You have an unusually large brain. (Int
                  | +2) [demonic ancestry]
   666 | D:1      | Reached XP level 2. HP: 20/20 MP: 3/5
   754 | D:1      | Reached skill level 1 in Fighting
   856 | D:1      | Reached skill level 3 in Earth Magic
  1145 | D:1      | Learned a level 2 spell: Passwall
  1233 | D:1      | Slain by a rat

Illustrated notes

Levels and vault maps discovered:
D:1:      dpeg_arrival_refuge, layout_basic, ebering_ecumenical_altar_petrified,
          minmay_heptomino_h4
D:2:      layout_basic

Skill      XL: |  1  2 |
---------------+-------+-----
Fighting       | 1 |  1.1
Earth Magic    | 3 |  3.0
Dodging        | |  1.7
Stealth        | |  1.7
Spellcasting   | |  2.3
Transmutations | |  0.8

Action                   || total
-------------------------++-------
Melee: Club              ||     6
 Cast: Sandblast         ||    21
Armor: Robe              ||     1
       Ring mail         ||     2
Dodge: Dodged            ||    10
